 Dungeon Crawl Stone Soup version 0.20.1-1-g8b1a95d66d (webtiles) character file.

998 BrokenGlass the Changer (level 8, -2/103 HPs)
             Began as a Naga Transmuter on Dec 23, 2017.
             Slain by an orc warrior
             ... wielding a +0 battleaxe
              (8 damage)
             ... on level 5 of the Dungeon.
             The game lasted 00:14:39 (7133 turns).

BrokenGlass the Changer (Naga Transmuter)           Turns: 7133, Time: 00:14:41

Health: -2/103     AC:  4    Str: 19    XL:     8   Next: 19%
Magic:  15/15      EV:  1    Int: 13    God:
Gold:   387        SH:  0    Dex: 13    Spells: 1/16 levels left

rFire    + . .     SeeInvis +     - Unarmed
rCold    . . .     Gourm    .   (no shield)
rNeg     + + +     Faith    .   (armour currently unavailable)
rPois    +         Spirit   .   (helmet currently unavailable)
rElec    .         Reflect  .   (cloak currently unavailable)
rCorr    .         Harm     .   (gloves currently unavailable)
MR       +....     NoTele   +   (no barding)
Stlth    +.........             (no amulet)
Regen    0.3/turn               m - ring of protection from fire
MPRegen  0.2/turn               o - ring of wizardry

@: mighty, tree-form, corroded
A: see invisible, slow metabolism 1, spit poison 1, AC +2
a: Spit Poison


You were on level 5 of the Dungeon.
You were hungry.
You were a tree.
You visited 1 branch of the dungeon, and saw 6 of its levels.

You collected 387 gold pieces.

Inventory:

Missiles
 a - 41 arrows
 e - 5 javelins of penetration (quivered)
 h - 67 bolts
Armour
 b - a +0 robe (melded)
Jewellery
 m - a ring of protection from fire (left branch)
 o - a ring of wizardry (right branch)
 u - an uncursed ring of protection from fire
Scrolls
 g - a scroll of magic mapping {unknown}
 i - 2 scrolls of remove curse
 k - a scroll of random uselessness {unknown}
 n - 2 scrolls of teleportation {unknown}
 p - 2 scrolls of recharging {unknown}
 q - 3 scrolls of identify {unknown}
 t - a scroll of immolation {unknown}
 y - a scroll of enchant weapon {unknown}
Potions
 l - a potion of haste {unknown}
 r - a potion of magic {unknown}
 s - 4 potions of curing {unknown}
Books
 c - a book of Changes

   Spells                             Type                      Level
   a - Beastly Appendage              Transmutation                1
   b - Sticks to Snakes               Transmutation                2
   c - Spider Form                    Transmutation/Poison         3
   d - Ice Form                       Ice/Transmutation            4
   e - Blade Hands                    Transmutation                5
 B - a book of Cantrips

   Spells                             Type                      Level
   a - Confusing Touch                Hexes                        1
   b - Animate Skeleton               Necromancy                   1
   c - Summon Small Mammal            Summoning                    1
   d - Apportation                    Translocation                1
Comestibles
 d - 4 bread rations
 f - 3 meat rations
 w - a fruit
 A - a royal jelly


   Skills:
 * Level 3.3 Fighting
 - Level 1.5 Dodging
 + Level 4.7 Unarmed Combat
 - Level 4.9 Spellcasting
 + Level 6.2 Transmutations


You had one spell level left.
You knew the following spells:

 Your Spells              Type           Power        Failure   Level  Hunger
a - Beastly Appendage     Tmut           ###...       1%          1    None
b - Sticks to Snakes      Tmut           ###.....     1%          2    ##.....
c - Spider Form           Tmut/Pois      ##........   6%          3    ###....
d - Ice Form              Ice/Tmut       ##......     21%         4    ####...
e - Blade Hands           Tmut           ###.......   16%         5    ######.


Dungeon Overview and Level Annotations

Branches:
Dungeon (6/15)
 Temple: D:4-7

Altars:
Fedhas
Zin


Innate Abilities, Weirdness & Mutations

You cannot wear boots.
((Your serpentine skin is tough. (AC +2)))
You have supernaturally acute eyesight. (SInv)
((Armour fits poorly on your strangely shaped body.))
((Your system is resistant to poisons. (rPois)))
((You cover ground very slowly.))
You have a slow metabolism.
You can spit poison.


Message History

The rust devil is lightly wounded.
The orc warrior hits you with a battleaxe.
The orc warrior hits you with a hand axe!
The rust devil hits you. The rust devil corrodes you!
You hit the rust devil but do no damage.
The rust devil is lightly wounded.
Unknown command.
You hit the rust devil.
The rust devil is moderately wounded.
The rust devil hits you. The rust devil corrodes you!
The orc warrior hits you with a hand axe!
The orc warrior hits you with a battleaxe!!
* * * LOW HITPOINT WARNING * * *
It was a potion of might.
You feel very mighty all of a sudden. The rust devil hits you.
The rust devil corrodes you!
The orc warrior hits you with a hand axe!
* * * LOW HITPOINT WARNING * * *
The orc warrior hits you with a battleaxe!
You die...

########.#########.# #(#####
##..................# #......
....................# #####..
##.#.##....###...##.# #..
##.#.##..### ###..#.# #..
##.#<##.##)#+#)##.#.# #.<
##.#.#..#♣.....♣#...###### #..
##.....##......o##.......######..
#####..# ...8.4o♣#.####..........
# #..##......4##.####..######..
#####)..#♣.....♣#................
........##)#+#)##.####)....#####.
#####.#..### ###..#).)...[.# #.
#.#....###.......).....# ##
#.#........#.#####.....#
#.#.......##.# #..####
#............# #..#


You could see 2 rust devils and 2 orc warriors.

Vanquished Creatures
  Eustachio (D:5)
  A centaur (D:5)
  3 big kobolds (D:4)
  A crimson imp (D:5)
  2 hounds
  Terence (D:2)
  3 worker ants (D:5)
  14 gnolls
  7 adders
  2 shadow imps (D:5)
  An ooze (D:2)
  An adder skeleton (D:4)
  A dart slug (D:3)
  9 leopard geckos
  10 orcs
  8 giant cockroaches
  9 goblins
  7 hobgoblins
  4 jackals (D:3)
  3 quokkas
  3 ball pythons
  10 bats
  6 frilled lizards
  A giant cockroach zombie (D:5)
  A jackal skeleton (D:4)
  54 kobolds
  13 rats
176 creatures vanquished.

Notes
Turn   | Place    | Note
-------+----------+-------------------------------------------
     0 | D:1      | BrokenGlass the Naga Transmuter began the quest for the Orb.
     0 | D:1      | Reached XP level 1. HP: 18/18 MP: 3/3
   175 | D:1      | Reached XP level 2. HP: 17/25 MP: 5/5
   640 | D:1      | Learned a level 2 spell: Sticks to Snakes
   836 | D:1      | Reached XP level 3. HP: 26/31 MP: 6/6
  1119 | D:2      | Reached skill level 3 in Transmutations
  1218 | D:2      | Found a glowing silver altar of Zin.
  1355 | D:2      | Learned a level 3 spell: Spider Form
  1450 | D:2      | Reached XP level 4. HP: 37/38 MP: 0/7
  2051 | D:2      | Noticed Terence
  2062 | D:2      | Killed Terence
  2416 | D:3      | Reached XP level 5. HP: 43/44 MP: 3/8
  2608 | D:3      | Reached skill level 4 in Transmutations
  4039 | D:4      | Noticed a big kobold
  4048 | D:4      | Killed a big kobold
  4048 | D:4      | Reached XP level 6. HP: 39/51 MP: 6/11
  4483 | D:4      | Reached skill level 5 in Transmutations
  4859 | D:4      | Reached XP level 7. HP: 39/57 MP: 10/13
  4887 | D:4      | Learned a level 4 spell: Ice Form
  5740 | D:5      | Entered Level 5 of the Dungeon
  6012 | D:5      | Learned a level 5 spell: Blade Hands
  6025 | D:5      | Found a blossoming altar of Fedhas.
  6565 | D:5      | Noticed Eustachio
  6596 | D:5      | Killed Eustachio
  6596 | D:5      | Reached skill level 6 in Transmutations
  6596 | D:5      | Reached XP level 8. HP: 37/68 MP: 3/15
  7117 | D:5      | Noticed a rust devil
  7117 | D:5      | Noticed a rust devil
  7133 | D:5      | Slain by an orc warrior

Skill      XL: |  1  2  3  4  5  6  7  8 |
---------------+-------------------------+-----
Transmutations | 3 4 5 6 |  6.2
Unarmed Combat | 4 |  4.7
Spellcasting   | 3 4 |  4.9
Fighting       | 2 3 |  3.3
Dodging        | |  1.5

Action                   |  1- 3 |  4- 6 |  7- 9 || total
-------------------------+-------+-------+-------++-------
Melee: Unarmed           |   118 |   280 |   183 ||   581
       Headbutt          |     8 |     5 |     5 ||    18
       Punch             |     3 |     1 |     1 ||     5
 Cast: Beastly Appendage |    23 |     4 |     2 ||    29
       Spider Form       |     1 |    38 |    14 ||    53
       Ice Form          |       |       |    12 ||    12
  Use: Scroll            |       |       |     1 ||     1
       Potion            |       |       |     3 ||     3
 Stab: Sleeping          |       |     4 |       ||     4
       Distracted        |       |     1 |       ||     1
  Eat: Chunk             |     1 |    13 |     5 ||    19
       Royal jelly       |       |     1 |       ||     1
       Meat ration       |       |       |     1 ||     1
Armor: Robe              |    23 |    20 |    21 ||    64
       Skin              |     1 |     9 |    25 ||    35
Dodge: Dodged            |    75 |   247 |   117 ||   439
